 Dungeon Crawl Stone Soup version 0.22-a0-458-gb446440 (webtiles) character file.

28 Gorglomux the Sneak (level 3, -1/29 HPs)
             Began as a Merfolk Assassin on June 8, 2018.
             Slain by an orc
             ... wielding a +0 short sword
              (5 damage)
             ... on level 2 of the Dungeon.
             The game lasted 00:00:51 (466 turns).

Gorglomux the Sneak (Merfolk Assassin)               Turns: 466, Time: 00:00:51

Health: -1/29      AC:  4    Str: 12    XL:     3   Next: 12%
Magic:  3/3        EV: 13    Int: 10    God:
Gold:   40         SH:  0    Dex: 15    Spells: 2/2 levels left

rFire    . . .     SeeInvis .   a - +2 dagger
rCold    . . .     Gourm    .   (no shield)
rNeg     . . .     Faith    .   c - +0 robe
rPois    .         Spirit   .   (no helmet)
rElec    .         Reflect  .   d - +0 cloak
rCorr    .         Harm     .   t - +0 pair of gloves
MR       .....                  (no boots)
Stlth    +++.......             (no amulet)
HPRegen  0.09/turn              (no ring)
MPRegen  0.08/turn              (no ring)

@: no status effects
A: change form in water, swift swim, stealthy swim
a: no special abilities


You were on level 2 of the Dungeon.
You were not hungry.

You visited 1 branch of the dungeon, and saw 2 of its levels.

You collected 40 gold pieces.

Inventory:

Hand Weapons
 a - a +2 dagger (weapon)
 q - a +0 blowgun
Missiles
 e - 26 poisoned needles
 f - 2 curare-tipped needles
Armour
 c - a +0 robe (worn)
 d - a +0 cloak (worn)
 t - a +0 pair of gloves (worn)
Jewellery
 x - an uncursed ring of stealth {unknown}
Scrolls
 s - a scroll of remove curse {unknown}
 v - a scroll of enchant weapon {unknown}
 y - a scroll of fog {unknown}
Potions
 u - 3 potions of brilliance {unknown}
 w - a potion of haste {unknown}
Comestibles
 g - 2 rations
 r - 2 chunks of flesh


   Skills:
 + Level 3.1 Fighting
 - Level 2.4 Short Blades
 - Level 2.0 Throwing
 + Level 2.9 Dodging
 - Level 4.3 Stealth


You had 2 spell levels left.
You didn't know any spells.
Your spell library was empty.

Dungeon Overview and Level Annotations

Branches:
Dungeon (2/15)

Altars:


Message History

The orc hits you but does no damage!
You butt the butt like a pig!
The orc is heavily wounded!
The orc barely misses you!
You spit the orc like a pig!
You annihilate the orc!!!
The orc throws a tomahawk!
The tomahawk hits you!
The orc hits you with a butt butt! * * * don't die
* * * You see here a club!
You are too butt to fight recklessly!!!
You spit the orc like a pig!
The orc is moderately wounded!
The orc hits you with a short sword! * * * don't die
* * * You are too injured to fight recklessly!!!
You stick the orc like a pincushion!
The orc is heavily wounded!
The orc hits you with a short sword! rip

#. # #.## ## ## # #.#.
### .#. #### #.#.#.
##..###.###..## #.#...
#.8...#.#...8.# #.....
#....#'.'#....# ###.>.
#....#(o'#....# #...
#.8...#@#)..8.# #...
##o.###(###..## #... ##
#.#.##### ##.. ### ##.##
### #<. #.## #'#
##.#######.. #..## ##.##
##...........
#...###.#.###...#########
#....##.#.##....# #####
#.....#.#.#.....#####....


You could see an orc.

Vanquished Creatures
  An ooze (D:2)
  A leopard gecko (D:1)
  3 orcs (D:2)
  A giant cockroach (D:2)
  2 goblins (D:2)
  2 hobgoblins (D:1)
  4 kobolds
  A bat (D:1)
  2 frilled lizards (D:1)
  3 rats
20 creatures vanquished.

Notes
Turn   | Place    | Note
-------+----------+-------------------------------------------
     0 | D:1      | Gorglomux the Merfolk Assassin began the quest for the Orb.
     0 | D:1      | Reached XP level 1. HP: 16/16 MP: 1/1
   131 | D:1      | Reached XP level 2. HP: 19/23 MP: 2/2
   185 | D:1      | You fall through a shaft!
   296 | D:2      | Reached skill level 3 in Fighting
   413 | D:2      | Reached XP level 3. HP: 23/29 MP: 3/3
   466 | D:2      | Slain by an orc

Vault maps used:
D:1:      minmay_arrival_stone_box, minmay_misc_feat_room
D:2:      grunt_dithmenos_smoke_and_mirrors, wad_orctagon

Skill      XL: |  1  2 |
---------------+-------+-----
Dodging        | 2 |  2.9
Fighting       | 3 |  3.1
Short Blades   | |  2.4
Throwing       | |  2.0
Stealth        | |  4.3

Action                   || total
-------------------------++-------
Melee: Dagger            ||    58
 Stab: Sleeping          ||     3
Armor: Robe              ||     7
Dodge: Dodged            ||    30

Table legend:
 A = Spawn XP
 B = Non-spawn XP
 C = Spawn XP percentage of total XP
 D = Spawn monster count
 E = Non-spawn monster count
 F = Spawn count percentage of total count
 G = Total turns spent on level
                    A         B        C        D         E        F      G
               +---------+---------+-------+---------+---------+-------+---------
         Total |       0 |      40 |   0.0 |       0 |      20 |   0.0 |   466
               +---------+---------+-------+---------+---------+-------+---------
           D:1 |       0 |      15 |   0.0 |       0 |      10 |   0.0 |   185
           D:2 |       0 |      25 |   0.0 |       0 |      10 |   0.0 |   281
               +---------+---------+-------+---------+---------+-------+---------
